 Dungeon Crawl Stone Soup version 0.28.0-43-g3370ac3207 (webtiles) character file.

Game seed: 10510048182121629250

3763 Ablot the Magician (level 10, -3/77 HPs)
             Began as a Gnoll Warper on Mar 22, 2022.
             Was a Follower of Dithmenos.
             Slain by a wyvern (11 damage)
             ... on level 8 of the Dungeon.
             The game lasted 00:18:05 (9141 turns).

Ablot the Magician (Gnoll Warper)                   Turns: 9141, Time: 00:18:05

Health: -3/77      AC: 13    Str: 15    XL:     10   Next: 15%
Magic:  20/20      EV: 15    Int: 15    God:    Dithmenos [*.....]
Gold:   127        SH:  0    Dex: 18    Spells: 14/23 levels left

rFire   . . .      SeeInvis .   w - +3 short sword "Ujiutuus" {vamp, rCorr Int+3}
rCold   . . .      Faith    .   (no shield)
rNeg    . . .      Spirit   .   M - +0 acid dragon scales
rPois   +          Reflect  .   o - +2 helmet
rElec   .          Harm     .   y - +0 cloak
rCorr   +          Rampage  .   H - +0 pair of gloves
Will    .....                   (no boots)
Stlth   +++.......              (no amulet)
HPRegen 0.22/turn               G - +6 ring of dexterity
MPRegen 0.17/turn               A - ring of poison resistance

@: wreathed by umbra
A: fangs 1, strong nose, distributed training
a: Renounce Religion


You were on level 8 of the Dungeon.
You worshipped Dithmenos.
Dithmenos was aware of your devotion.
You visited 1 branch of the dungeon, and saw 8 of its levels.

You collected 397 gold pieces.
You spent 270 gold pieces at shops.

Inventory:

Hand Weapons
 a - the +1 trident of Gejop {vamp, SInv}
   (You bought it in a shop on level 4 of the Dungeon)

   It occasionally heals its wielder for a portion of the damage dealt when it
   wounds a living foe.
   SInv:      It lets you see invisible.
 w - the +3 short sword "Ujiutuus" (weapon) {vamp, rCorr Int+3}
   (You found it on level 3 of the Dungeon)

   It occasionally heals its wielder for a portion of the damage dealt when it
   wounds a living foe.
   Int:       It affects your intelligence (+3).
   rCorr:     It protects you from acid and corrosion.
 z - a +0 mace of holy wrath
Missiles
 d - a boomerang of dispersal (quivered)
 e - 300 stones
 f - 156 bolts
 i - 121 arrows
 l - 2 boomerangs
 E - 45 sling bullets
 F - 4 curare-tipped darts
Armour
 o - a +2 helmet (worn)
 y - a +0 cloak (worn)
 H - a +0 pair of gloves (worn)
 M - +0 acid dragon scales (worn)
Magical Staves
 q - a staff of air
 K - a staff of conjuration
Jewellery
 j - a ring of protection from fire
 n - a ring of flight
 A - a ring of poison resistance (right hand)
 D - a ring of protection from fire
 G - a +6 ring of dexterity (left hand)
Wands
 L - a wand of polymorph (10)
Scrolls
 b - a scroll of fog {unknown}
 c - 3 scrolls of blinking
 g - a scroll of identify
 r - 4 scrolls of teleportation
 v - a scroll of enchant armour {unknown}
 B - 2 scrolls of acquirement {unknown}
 C - a scroll of holy word {unknown}
 J - a scroll of torment {unknown}
Potions
 h - a potion of might
 k - 2 potions of attraction
 m - a potion of haste
 p - 2 potions of brilliance
 s - a potion of berserk rage
 u - 2 potions of curing
 x - a potion of lignification {unknown}
 I - 2 potions of heal wounds


   Skills:
 + Level 6.8 Fighting
 + Level 5.0 Short Blades
 + Level 5.0 Long Blades
 + Level 5.0 Axes
 + Level 5.0 Maces & Flails
 + Level 6.8 Polearms
 + Level 5.0 Staves
 + Level 5.0 Slings
 + Level 5.0 Bows
 + Level 5.0 Crossbows
 + Level 5.7 Throwing
 + Level 5.7 Armour
 + Level 6.8 Dodging
 + Level 5.0 Stealth
 + Level 5.0 Shields
 + Level 5.0 Unarmed Combat
 + Level 7.1 Spellcasting
 + Level 4.1 Conjurations
 + Level 4.1 Hexes
 + Level 4.1 Summonings
 + Level 4.1 Necromancy
 + Level 6.9 Translocations
 + Level 4.1 Transmutations
 + Level 4.1 Fire Magic
 + Level 4.1 Ice Magic
 + Level 4.1 Air Magic
 + Level 4.1 Earth Magic
 + Level 4.1 Poison Magic
 + Level 5.5 Invocations
 + Level 5.0 Evocations


You had 14 spell levels left.
You knew the following spells:

 Your Spells              Type           Power      Damage    Failure   Level
a - Blink                 Tloc           52%        N/A       1%          2
b - Wereblood             Tmut           17%        N/A       4%          2
c - Call Imp              Summ           17%        N/A       4%          2
d - Mephitic Cloud        Conj/Pois/Air  17%        N/A       10%         3

Your spell library contained the following spells:

 Spells                   Type           Power      Damage    Failure   Level
 Beastly Appendage        Tmut           34%        N/A       3%          1
 Magic Dart               Conj           68%        1d6       3%          1
 Gell's Gravitas          Tloc           26%        N/A       3%          3
 Lesser Beckoning         Tloc           26%        N/A       3%          3
 Teleport Other           Tloc           26%        N/A       3%          3
 Spider Form              Tmut/Pois      17%        N/A       10%         3
 Manifold Assault         Tloc           26%        N/A       28%         5
 Leda's Liquefaction      Hex/Erth       8%         N/A       32%         4
 Lee's Rapid Deconstruct  Erth           8%         3d8*      65%         5
 Statue Form              Tmut/Erth      11%        N/A       99%         6


Dungeon Overview and Level Annotations

Branches:
Dungeon (8/15)             Temple (0/1) D:7            Lair (0/6) D:8

Altars:
Ashenzari
Dithmenos
Hepliaklqana
Makhleb
Qazlal
Sif Muna
Vehumet
Zin

Shops:
D:4 *[(((=   D:6 *


Innate Abilities, Weirdness & Mutations

You have very sharp teeth.
Your uncanny sense of smell can sniff out nearby items.
Your experience applies equally to all skills.


Message History

Unknown command.
Unknown command.
You hit the wyvern.
You feel better.
The wyvern is lightly wounded.
The wyvern barely misses you.
The wyvern bites you but does no damage.
You barely miss the wyvern. You bite the wyvern, but do no damage.
The wyvern is lightly wounded.
The wyvern barely misses you.
You hit the wyvern but do no damage. Your bite misses the wyvern.
The wyvern is lightly wounded.
The wyvern barely misses you.
You hit the wyvern.
The wyvern is moderately wounded.
The wyvern bites you but does no damage.
The wyvern bites you!
* * * LOW HITPOINT WARNING * * *
You barely miss the wyvern.
The wyvern is lightly wounded.
The wyvern bites you.
* * * LOW HITPOINT WARNING * * *
You barely miss the wyvern. You bite the wyvern, but do no damage.
The wyvern is lightly wounded.
The wyvern barely misses you.
You hit the wyvern.
You feel better.
You bite the wyvern, but do no damage.
The wyvern is moderately wounded.
The wyvern bites you.
* * * LOW HITPOINT WARNING * * *
The wyvern bites you but does no damage.
You hit the wyvern. You bite the wyvern, but do no damage.
The wyvern is moderately wounded.
The wyvern closely misses you.
You hit the wyvern but do no damage.
The wyvern is moderately wounded.
The wyvern bites you!
* * * LOW HITPOINT WARNING * * *
You barely miss the wyvern. Your bite misses the wyvern.
The wyvern is moderately wounded.
The wyvern bites you!
You die...

...<.#
#.#...####
##.#.##
#.##(##
#....#######
#)#
##...........
#.#
......#######
#z# ##.#.##
#z# ##.#.#
#Y# ##.#.#
#l# .....#
#@# .###.#
#.# .# #.#
#.# .###.#
#.# .....#
#.# .#####
#.# ## #.# #
#.#


You could see an elephant, a wyvern and 2 wights.

Vanquished Creatures
  A two-headed ogre (D:5)
  Pikel (D:6)
  Maggie (D:8)
  4 water moccasins
  An orc warrior (D:8)
  A sky beast (D:6)
  3 black bears
  A necrophage (D:6)
  An ogre (D:5)
  A centaur (D:7)
  3 phantoms
  4 bullfrogs
  A howler monkey (D:4)
  2 wights
  An orc priest (D:7)
  Crazy Yiuf (D:3)
  A gnoll shaman (D:7)
  A centaur skeleton (D:7)
  4 hounds
  A bullfrog skeleton (D:6)
  7 iguanas
  An orc wizard (D:6)
  A killer bee zombie (D:4)
  3 hound skeletons
  Robin (D:2)
  4 gnolls (D:7)
  4 adders
  An ufetubus (D:6)
  3 worms
  13 dart slugs
  12 orcs
  8 endoplasms
  2 giant cockroaches
  12 goblins
  6 hobgoblins
  3 kobolds
  6 ball pythons
  5 bats
  3 frilled lizards
  5 rats
134 creatures vanquished.

Notes
Turn   | Place    | Note
-------+----------+-------------------------------------------
     0 | D:1      | Ablot the Gnoll Warper began the quest for the Orb.
     0 | D:1      | Reached XP level 1. HP: 20/20 MP: 6/6
    56 | D:1      | Found a faded altar of an unknown god.
   254 | D:1      | Reached XP level 2. HP: 22/26 MP: 7/7
   263 | D:1      | Learned a level 2 spell: Blink
   977 | D:2      | Reached XP level 3. HP: 31/31 MP: 9/9
  1012 | D:2      | Reached skill level 5 in Spellcasting
  1246 | D:2      | Reached skill level 1 in Invocations
  1248 | D:2      | Identified the +2 hand axe of Nemelex Xobeh's Envy {holy,
                  | *Corrode Fly Str-5 Int+8}
  1804 | D:3      | Reached skill level 1 in Short Blades
  1804 | D:3      | Reached skill level 1 in Long Blades
  1804 | D:3      | Reached skill level 1 in Axes
  1804 | D:3      | Reached skill level 1 in Maces & Flails
  1804 | D:3      | Reached skill level 1 in Staves
  1804 | D:3      | Reached skill level 1 in Slings
  1804 | D:3      | Reached skill level 1 in Bows
  1804 | D:3      | Reached skill level 1 in Crossbows
  1804 | D:3      | Reached skill level 1 in Stealth
  1804 | D:3      | Reached skill level 1 in Shields
  1804 | D:3      | Reached skill level 1 in Unarmed Combat
  1804 | D:3      | Reached skill level 1 in Evocations
  1862 | D:3      | Reached XP level 4. HP: 29/38 MP: 11/11
  1993 | D:3      | Noticed Robin
  2288 | D:2      | Killed Robin
  2289 | D:2      | Reached skill level 1 in Conjurations
  2289 | D:2      | Reached skill level 1 in Hexes
  2289 | D:2      | Reached skill level 1 in Summonings
  2289 | D:2      | Reached skill level 1 in Necromancy
  2289 | D:2      | Reached skill level 1 in Transmutations
  2289 | D:2      | Reached skill level 1 in Fire Magic
  2289 | D:2      | Reached skill level 1 in Ice Magic
  2289 | D:2      | Reached skill level 1 in Air Magic
  2289 | D:2      | Reached skill level 1 in Earth Magic
  2289 | D:2      | Reached skill level 1 in Poison Magic
  2509 | D:3      | Found a shadowy altar of Dithmenos.
  2621 | D:3      | Found a runed translucent door.
  2622 | D:3      | Noticed Crazy Yiuf
  2650 | D:3      | Found a radiant altar of Vehumet.
  2733 | D:3      | Reached XP level 5. HP: 43/43 MP: 12/12
  2743 | D:3      | Found a broken altar of Ashenzari.
  2751 | D:3      | Found a burning altar of Makhleb.
  2793 | D:3      | Found a stormy altar of Qazlal.
  2961 | D:3      | You fall into a shaft and drop 3 floors!
  2965 | D:6      | Found Zihy's General Store.
  2977 | D:6      | Bought a scroll of identify for 24 gold pieces
  3018 | D:5      | Entered Level 5 of the Dungeon
  3057 | D:5      | Noticed a water moccasin
  3239 | D:4      | Found Fuq Kaud's Antique Weapon Emporium.
  3439 | D:3      | Identified the +3 short sword "Ujiutuus" {vamp, rCorr
                  | Int+3}
  3492 | D:3      | Became a worshipper of Dithmenos the Shadowed
  3559 | D:3      | Found a shimmering blue altar of Sif Muna.
  3606 | D:3      | Found a glowing silver altar of Zin.
  3712 | D:3      | Killed Crazy Yiuf
  3713 | D:3      | Reached XP level 6. HP: 34/50 MP: 13/13
  3981 | D:4      | Found Ereweuhu's Antique Weapon Shop.
  4036 | D:4      | Found Halih's Jewellery Shop.
  4137 | D:4      | Reached skill level 5 in Fighting
  4137 | D:4      | Reached skill level 5 in Polearms
  4137 | D:4      | Reached skill level 5 in Dodging
  4180 | D:4      | Found Miriame's Weapon Shop.
  4325 | D:4      | Found Ivuhy's Elemental Accessories.
  4371 | D:4      | Found Roxe's Antique Armour Shoppe.
  4630 | D:5      | Noticed a two-headed ogre
  4634 | D:5      | HP: 1/51 [two-headed ogre/+0 giant club (17)]
  4918 | D:5      | Reached XP level 7. HP: 46/56 MP: 15/15
  5035 | D:5      | HP: 1/56 [ogre/+0 giant club (20)]
  5374 | D:5      | Killed a two-headed ogre
  5375 | D:5      | Reached skill level 6 in Spellcasting
  5375 | D:5      | Reached XP level 8. HP: 11/64 MP: 12/17
  5933 | D:5      | Learned a level 2 spell: Wereblood
  5936 | D:5      | Learned a level 2 spell: Call Imp
  5982 | D:4      | Bought an ancient trident for 246 gold pieces
  5982 | D:4      | Identified the +1 trident of Gejop {vamp, SInv} (You bought
                  | it in a shop on level 4 of the Dungeon)
  6236 | D:6      | Noticed Pikel
  6259 | D:6      | Killed Pikel
  6260 | D:6      | Reached XP level 9. HP: 40/69 MP: 18/18
  6631 | D:6      | Reached skill level 5 in Throwing
  6631 | D:6      | Reached skill level 5 in Armour
  6644 | D:6      | Learned a level 3 spell: Mephitic Cloud
  6796 | D:6      | Reached * piety under Dithmenos
  7434 | D:7      | Found a staircase to the Ecumenical Temple.
  7577 | D:7      | Reached skill level 5 in Invocations
  7596 | D:7      | Found a hazy altar of Hepliaklqana.
  8057 | D:8      | Noticed Maggie
  8083 | D:8      | Killed Maggie
  8501 | D:8      | Reached skill level 7 in Spellcasting
  8635 | D:8      | Reached XP level 10. HP: 49/77 MP: 20/20
  8650 | D:8      | Found a staircase to the Lair.
  8650 | D:8      | Noticed an elephant
  9044 | D:8      | Reached skill level 5 in Short Blades
  9044 | D:8      | Reached skill level 5 in Long Blades
  9044 | D:8      | Reached skill level 5 in Axes
  9044 | D:8      | Reached skill level 5 in Maces & Flails
  9044 | D:8      | Reached skill level 5 in Staves
  9044 | D:8      | Reached skill level 5 in Slings
  9044 | D:8      | Reached skill level 5 in Bows
  9044 | D:8      | Reached skill level 5 in Crossbows
  9044 | D:8      | Reached skill level 5 in Stealth
  9044 | D:8      | Reached skill level 5 in Shields
  9044 | D:8      | Reached skill level 5 in Unarmed Combat
  9044 | D:8      | Reached skill level 5 in Evocations
  9141 | D:8      | Slain by a wyvern

Illustrated notes

Levels and vault maps discovered:
D:1:      dpeg_arrival_castle, layout_rooms, hellmonk_ecumenical_altar_lost_god,
          serial_rivers, chequers_serial_rivers_micro_a,
          chequers_serial_rivers_large_b, chequers_serial_rivers_micro_e,
          chequers_serial_rivers_small_b, minivault_27, hangedman_decor_points,
          corexii_corridor_pit
D:2:      layout_loops_ring
D:3:      kennysheep_slugbush, layout_rooms, old_standard_altar,
          lemuel_coloured_pillars_altar, grunt_dithmenos_smoke_and_mirrors,
          nicolae_overflow_quartered_altars, uniq_crazy_yiuf_cottage, uniq_robin
D:4:      layout_rooms, serial_shops, nicolae_stop_n_shop_1, shop,
          nicolae_shop_advertising_works [nicolae_subvault_shop_adworks], shop,
          kennysheep_little_box, serial_corexii_hall,
          chequers_hall_statues_wall_a, corexii_hall_statues_u,
          chequers_hall_statues_corner_a, corexii_hall_statues_t,
          corexii_hall_statues_i, chequers_hall_statues_wall_a,
          nicolae_elemental_shop
D:5:      layout_basic
D:6:      layout_loops_ring, serial_shops, shop, minmay_chambers_of_fives,
          uniq_pikel
D:7:      layout_basic, worldfamousw_hep_ancestral_shrine,
          minmay_temple_entry_from_below_a, minmay_misc_feat_square,
          dk_noncrumbling_4
D:8:      layout_loops_ring, david_lair_generic, uniq_maggie

Skill      XL: |  1  2  3  4  5  6  7  8  9 10 |
---------------+-------------------------------+-----
Spellcasting   | 5 6 7 |  7.1
Invocations    | 1 2 3 4 5 |  5.5
Short Blades   | 1 2 3 4 5 |  5.0
Long Blades    | 1 2 3 4 5 |  5.0
Axes           | 1 2 3 4 5 |  5.0
Maces & Flails | 1 2 3 4 5 |  5.0
Staves         | 1 2 3 4 5 |  5.0
Slings         | 1 2 3 4 5 |  5.0
Bows           | 1 2 3 4 5 |  5.0
Crossbows      | 1 2 3 4 5 |  5.0
Stealth        | 1 2 3 4 5 |  5.0
Shields        | 1 2 3 4 5 |  5.0
Unarmed Combat | 1 2 3 4 5 |  5.0
Evocations     | 1 2 3 4 5 |  5.0
Conjurations   | 1 2 3 4 |  4.1
Hexes          | 1 2 3 4 |  4.1
Summonings     | 1 2 3 4 |  4.1
Necromancy     | 1 2 3 4 |  4.1
Transmutations | 1 2 3 4 |  4.1
Fire Magic     | 1 2 3 4 |  4.1
Ice Magic      | 1 2 3 4 |  4.1
Air Magic      | 1 2 3 4 |  4.1
Earth Magic    | 1 2 3 4 |  4.1
Poison Magic   | 1 2 3 4 |  4.1
Throwing       | 3 4 5 |  5.7
Armour         | 3 4 5 |  5.7
Fighting       | 5 6 |  6.8
Polearms       | 5 6 |  6.8
Dodging        | 5 6 |  6.8
Translocations | 6 |  6.9

Action                   |  1- 3 |  4- 6 |  7- 9 | 10-12 || total
-------------------------+-------+-------+-------+-------++-------
Melee: Spear             |   134 |   176 |       |       ||   310
       Bite              |    11 |    30 |    41 |    15 ||    97
       Punch             |     3 |     6 |     8 |     4 ||    21
       Short sword       |       |   104 |   333 |    51 ||   488
       Trident           |       |       |    12 |       ||    12
       Mace              |       |       |       |    13 ||    13
Throw: Javelin           |       |     1 |    19 |     5 ||    25
       Boomerang         |       |       |     6 |     2 ||     8
       Dart              |       |       |     1 |     1 ||     2
 Cast: Blink             |       |     4 |     4 |     3 ||    11
  Use: Scroll            |       |       |     9 |       ||     9
 Stab: Sleeping          |     3 |     1 |     4 |     1 ||     9
Armor: Leather armour    |    18 |    49 |    69 |       ||   136
       Acid dragon scale |       |       |    28 |    27 ||    55
Dodge: Dodged            |    55 |   154 |   261 |    73 ||   543
